[Event "Romanian-ch Youth Open U20 2024"]
[Site "Eforie Nord"]
[Date "2024.04.19"]
[Round "9.3"]
[White "Tudoroiu, Razvan-Catalin"]
[Black "Mazilu, Stefan Fabian"]
[Result "0-1"]
[ECO "A48"]
[WhiteElo "2004"]
[BlackElo "1994"]
[Annotator "TA"]
[PlyCount "117"]
[EventDate "2024.04.10"]
[EventType "swiss"]
[EventCountry "ROU"]
[SourceTitle "playchess.com"]
[Source "ChessBase"]
[SourceQuality "1"]
[TimeControl "5400+30"]

1. d4 Nf6 2. Bf4 g6 3. e3 Bg7 4. Nf3 O-O 5. h3 d6 6. Be2 b6 7. O-O Bb7 8. c4 Ne4 9. Nfd2 e5 10. dxe5 dxe5 {[%emt 0:00:05] Black is slightly better.} 11. Bh2 Nxd2 12. Nxd2 Qe7 13. Qc2 Nd7 14. Rad1 f5 15. Rfe1 Rad8 16. Nb1 Be4 17. Qc1 Qg5 18. Bf1 Nc5 {[%emt 0:04:59] Threatens to win with ...Nd3.} 19. f4 (19. Rxd8 $11 Rxd8 20. Nc3) 19... Qe7 20. Nc3 c6 (20... exf4 $15 21. Bxf4 c6) 21. Rxd8 (21. fxe5 {looks sharper.} Bxe5 22. Bxe5 Qxe5 23. Rxd8 Rxd8 24. Rd1) 21... Rxd8 22. Rd1 exf4 23. Rxd8+ Qxd8 24. Bxf4 a5 (24... Bd3 $17 25. Ne2 a5) 25. Qe1 (25. Nxe4 $11 {keeps the balance.} Nxe4 26. Be2) 25... Bf6 ({Better is} 25... Bd3 $17 {With the idea ...Bxf1.} 26. Bxd3 Qxd3) 26. Bg3 (26. Nxe4 $11 Nxe4 27. Qe2) 26... a4 27. a3 Kf7 28. Kh2 (28. Be2 $17) 28... Bd3 $19 {[%emt 0:02:22] White is weak on the light squares} 29. Qd1 Bxf1 30. Qxf1 Bxc3 (30... h5 $19 31. Be1 h4) 31. bxc3 {[%emt 0:00:02][%mdl 4096] Endgame. KQB-KQN} Ne4 32. Qf4 Nxc3 $2 (32... h5 $19 {Strongly threatening ...h4.} 33. c5 b5 (33... Nxc3 34. Bh4 $16) (33... Nxc5 34. Qc4+ Qd5 35. Qf4 $17) (33... bxc5 34. c4 $17)) 33. Bh4 $2 (33. Qh6 $1 $11 {and White has nothing to worry.} Qg8 34. Qf4) 33... Qd7 34. Qe5 Ne4 35. Qh8 Ke6 ({Black should play} 35... Qd6+ $17 36. Kg1 Qf8 (36... Qxa3 37. Qxh7+ Kf8 38. Qh8+ Kf7 39. Qh7+ Kf8 40. Qh6+ Kf7 41. Qh7+ $11) 37. Qxh7+ Qg7 38. Qxg7+ Kxg7) 36. Qg8+ Kd6 $1 37. Qf8+ $2 (37. Qa8 $17) 37... Kc7 38. Qa8 Qd6+ 39. Kg1 Qd1+ (39... Qxa3 40. Qa7+ Kc8 41. Qa8+ Kc7 42. Qa7+ Kc8 43. Qa8+ Kc7 $11) (39... g5 $1 $19 40. Qa7+ Kc8 41. Qxh7 Qd1+ (41... gxh4 42. Qxf5+ Kb8 43. Qxe4 $11) 42. Kh2 Qd7 (42... gxh4 $2 43. Qxf5+ Kc7 44. Qxe4 $17) 43. Qg8+ Kb7 (43... Qd8 44. Qe6+ Kc7 45. Qxf5 $19) 44. Bxg5 Nxg5 45. Qxg5 Qd6+ 46. Kh1 Qxa3 47. Qg7+ Ka6) 40. Kh2 $17 Qd6+ (40... g5 $1 $17 41. Qa7+ Kc8 42. Qa6+ Kd7 43. Qb7+ Ke6) 41. Kg1 $19 {[%emt 0:00:08] [#]} g5 $1 (41... Qxa3 42. Qa7+ Kc8 43. Qa8+ Kc7 44. Qa7+ Kc8 45. Qa8+ Kc7 $11) 42. Qa7+ Kc8 43. Qxh7 {[%emt 0:00:50] [#]} Qe6 (43... gxh4 $6 44. Qxf5+ Kb7 45. Qh7+ Ka6 46. Qxe4 $11) (43... Qd1+ $1 $19 44. Kh2 Qd6+ (44... gxh4 $2 45. Qxf5+ Kc7 46. Qxe4 $19) 45. Kg1 Qe6 (45... gxh4 46. Qxf5+ Kb7 47. Qh7+ Ka6 48. Qxe4 $11) 46. Qh8+ Kb7 47. Qg7+ Ka6) 44. Be1 ({White should try} 44. Qh8+ $15 Kb7 45. Qg7+ Ka6 46. Qf8 Qxc4 (46... gxh4 47. Qa8#) 47. Qc8+ Ka7 48. Qd7+ Kb8 49. Qd8+ Kb7 50. Qd7+ Ka6 51. Qc8+ Ka7 52. Qc7+ Ka6 53. Qc8+) 44... Qd7 $36 {[%emt 0:00:13][%mdl 2048] White is under strong pressure.} ({Much worse is} 44... Qxc4 $6 45. Qxf5+ Kb7 46. Qd7+ Ka6 47. Kh2 $11) 45. Qg6 Kb7 46. Qh5 {[%emt 0:02:22] Repels Qd1} Qe6 47. Qf3 (47. Qh8 $17) 47... Nd6 $19 (47... Qxc4 48. Qxf5 Qd3 49. Qf7+ Ka6 50. Qf1 $11) 48. c5 bxc5 {[%emt 0:00:04] ...Nb5 would now be deadly.} 49. Qe2 (49. Qd1 {was necessary.}) 49... Nb5 50. Kf2 Nxa3 51. Qb2+ Nb5 52. Qg7+ Ka6 {[%emt 0:00:09] ...Qa2+ is the strong threat.} 53. Qf8 Qd7 {[%emt 0:02:11] Dodges Qd8} 54. Qxc5 a3 {[%emt 0:00:15] Hoping for ...a2.} 55. Qb4 $2 (55. Bc3 Qd6 56. Qxd6 Nxd6 57. Ke2) 55... Qd5 56. Qf8 a2 57. Qc8+ Ka7 58. Qh8 Qd1 {[%emt 0:00:44] Active counter play!} 59. Bb4 {[%emt 0:02:15] Weighted Error Value: White=0.52/Black=0.40.  Loses game:     	White=2     	---        Missed win:     	---       	Black=2      Mistake:       	White=8     	Black=7      Inaccurate:     	White=2     	Black=1      OK:         	White=15    	Black=17     Best:        	White=6     	Black=3      Strong:       	---       	Black=2} 0-1

[Event "Romanian-ch Youth Open U20 2024"]
[Site "Eforie Nord"]
[Date "2024.04.19"]
[Round "9.4"]
[White "Antonica, Dragos-Andrei"]
[Black "Korcsek, Alexandru-David"]
[Result "1-0"]
[ECO "D32"]
[WhiteElo "2317"]
[BlackElo "2022"]
[Annotator "TA"]
[PlyCount "139"]
[EventDate "2024.04.10"]
[EventType "swiss"]
[EventCountry "ROU"]
[SourceTitle "playchess.com"]
[Source "ChessBase"]
[SourceQuality "1"]
[TimeControl "5400+30"]

1. d4 d5 2. c4 e6 3. Nc3 c5 4. cxd5 exd5 5. Nf3 Nc6 6. dxc5 d4 7. Na4 Bxc5 {[%emt 0:00:09] D32: Tarrasch Defence: Sidelines and lines without g3.} 8. Nxc5 Qa5+ 9. Bd2 Qxc5 10. Rc1 Qb6 11. e3 Nf6 12. Bc4 Bg4 13. O-O O-O 14. exd4 $1 Nxd4 15. Be3 $1 Bxf3 $1 16. Qxd4 Qxd4 17. Bxd4 Bd5 18. Bxf6 Bxc4 19. Rxc4 gxf6 20. Rfc1 Rfd8 21. g3 $146 ({Predecessor:} 21. h4 Rd2 22. R1c2 Rad8 23. Kh2 Kg7 24. a3 Rxc2 25. Rxc2 Rd3 26. f3 Rb3 27. Kg3 {½-½ Caspi,I (2468)-Lysyj,I (2589) Titled Tuesday intern op 15th Aug Late blitz 2023 (9)}) 21... Rd2 22. Rb4 Re8 23. Rc7 a5 24. Rf4 (24. Rbxb7 $6 Re1+ 25. Kg2 Ree2 26. Rxf7 Rxf2+ 27. Kg1 (27. Kh3 $2 h5 $19) 27... Rg2+ 28. Kf1 Rxh2 $11) 24... Rxb2 25. Rxf6 Rf8 26. Rf5 a4 27. Rg5+ Kh8 28. Ra5 b5 29. Rb7 Rxa2 30. Rbxb5 Rc8 31. Rb4 h6 32. Ra6 (32. Rbxa4 $6 Rc1+ 33. Kg2 Rxa4 34. Rxa4 Rc2 $11) 32... Kh7 33. Ra7 (33. Rbxa4 Rxa4 34. Rxa4 Rc5 $14) (33. Raxa4 Rxa4 34. Rxa4 Rc5 $11) 33... Rf8 34. Ra6 (34. Raxa4 Rxa4 35. Rxa4 Re8 $11) (34. Rbxa4 $6 Rxa4 35. Rxa4 Rd8 $14) ({Better is} 34. Kg2 $16) 34... Rg8 (34... Rc8 $1 $11 {remains equal.}) 35. Ra7 (35. Rbxa4 $6 Rxa4 36. Rxa4 Rb8 $11) (35. Raxa4 $6 Rxa4 36. Rxa4 Rb8 $11) 35... Rf8 $1 36. Kg2 ({Don't play} 36. Raxa4 $6 Rb8 $14) (36. Rbxa4 $6 Rxa4 37. Rxa4 Rb8 $14) 36... a3 37. Rb3 Rb2 38. Rbxa3 ({Of course not} 38. Raxa3 $6 Ra8 $11) 38... Rb6 39. Kh3 Rf6 40. f4 Rb8 41. Kh4 Kg7 42. R3a5 Rbb6 43. Ra8 Rb2 44. h3 Rfb6 45. Rc5 Rb8 46. Rxb8 Rxb8 47. Rc3 Rb4 48. Kg4 Rb1 (48... Rb5 $142) 49. Ra3 ({White should try} 49. Rf3) 49... Rc1 (49... Rb5 $142) 50. Kh4 (50. Rf3 $142) 50... Rc4 $16 51. Rf3 Rc5 (51... Kg6 $142) 52. g4 (52. f5 $142 $1) 52... Ra5 ({Black should play} 52... f5) 53. Rb3 $16 Rc5 54. f5 Rc6 55. Kh5 Ra6 56. Rb7 Rc6 57. Ra7 Rb6 58. h4 Rc6 {[%emt 0:00:17] [#]} 59. Rb7 $1 Ra6 60. g5 (60. Rb3 $16) 60... hxg5 $11 61. hxg5 Kg8 $1 62. Rb8+ Kg7 $2 (62... Kh7 $11) 63. f6+ Kh7 {[%emt 0:00:04] [#]} 64. Rb7 $1 Kg8 65. Rb8+ $2 (65. Kh6 {mates} Ra8 66. g6 fxg6 67. Kxg6 Rd8 68. Rg7+ Kf8 69. Rh7 Ke8 70. Rh8+ Kd7 71. Rxd8+ Kxd8 72. f7) 65... Kh7 $11 66. Rb7 $2 (66. Rf8 $11 Ra7 (66... Rxf6 67. Rh8+ Kxh8 68. gxf6 $11) 67. Kg4) 66... Kg8 67. Kh6 Ra8 68. g6 fxg6 69. Kxg6 Rc8 70. Rg7+ 1-0